Map: Eternal Empire LE

Players

Yoger - Winner!

  • Race: Zerg Zerg
  • Spawn Location: 7:00

黑羽快斗 (ButAlways)

  • Race: Protoss Protoss
  • League: Grandmaster
  • Spawn Location: 1:00

Event: DreamHack SC2 Masters 2020 Fall

VOD

Have the link to the VOD?

Description

Time

  • Played on: Aug. 28, 2020, 10:08 a.m.
  • Length: 21:59

All games in this series

Show
View Real Time Build Order
Export as new Build Order

Yoger Zerg - Winner!

Build Orders: Hatch First 

Get SALT Encoding   

  12  0:00  Drone  
  13  0:12  Overlord  
  13  0:17  Drone  
  14  0:31  Drone x2  
  16  0:49  Hatchery  
  15  0:52  Drone  
  15  0:55  Drone  
  17  0:58  Drone  
  18  1:10  Extractor  
  17  1:15  Spawning Pool  
  17  1:17  Drone  
  17  1:21  Drone  
  18  1:28  Drone  
  19  1:39  Drone  
  20  1:50  Hatchery  
  20  1:54  Drone  
  20  2:02  Queen  
  20  2:07  Drone  
  23  2:10  Drone  
  23  2:12  Drone  
  25  2:18  Overlord  
  25  2:26  Queen  
  25  2:29  Drone  
  28  2:34  Metabolic Boost  
  28  2:38  Zergling x2  
  28  2:40  Zergling x2  
  30  2:46  Drone x2  
  30  2:50  Overlord  
  32  2:55  Drone  
  32  2:56  Drone  
  34  3:02  Queen  
  36  3:07  Drone  
  37  3:12  Queen  
  37  3:14  Drone x2  
  37  3:18  Drone  
  42  3:24  Drone  
  42  3:26  Drone  
  44  3:28  Overlord  
  44  3:30  Drone x2  
  46  3:34  Spore Crawler  
  46  3:35  Spore Crawler  
  46  3:36  Drone  
  46  3:38  Drone  
  46  3:39  Drone  
  47  3:43  Spore Crawler  
  47  3:46  Drone  
  47  3:48  Drone  
  48  3:51  Overlord  
  48  3:54  Drone  
  49  3:57  Lair  
  49  3:59  Drone  
  49  4:01  Drone  
  51  4:03  Overlord  
  51  4:10  Roach Warren  
  51  4:13  Overlord  
  50  4:21  Drone  
  50  4:22  Drone x4  
  55  4:24  Drone  
  55  4:29  Extractor  
  55  4:30  Extractor  
  55  4:31  Drone x5  
  58  4:36  Drone x3  
  61  4:39  Drone  
  61  4:45  Overlord  
  61  4:52  Overlord  
  61  4:56  Queen  
  61  4:58  Overlord x2  
  63  5:01  Glial Reconstitution  
  63  5:05  Nydus Network  
  63  5:06  Extractor  
  61  5:08  Roach x2  
  61  5:14  Roach x2  
  69  5:17  Drone x6, Extractor  
  69  5:19  Extractor  
  73  5:22  Drone x3  
  73  5:24  Drone, Overlord  
  73  5:28  Drone  
  78  5:30  Overseer  
  78  5:33  Zergling x6  
  80  5:45  Hatchery  
  80  5:48  Spire  
  80  5:49  Drone  
  79  5:56  Drone x3  
  79  5:57  Drone x4  
  86  5:58  Drone  
  86  6:16  Queen, Spore Crawler  
  86  6:17  Queen, Spore Crawler  
  86  6:20  Spore Crawler  
  86  6:23  Drone x2  
  83  6:33  Spore Crawler  
  83  6:35  Drone x2  
  84  6:43  Hatchery  
  84  6:46  Drone x5  
  88  6:52  Queen  
  90  6:59  Queen x2  
  90  7:01  Overlord x2  
  94  7:04  Corruptor x4  
  101  7:09  Corruptor x2  
  101  7:14  Corruptor  
  101  7:15  Corruptor  
  107  7:19  Corruptor  
  105  7:24  Corruptor x2  
  105  7:27  Drone  
  105  7:28  Drone  
  109  7:31  Drone  
  109  7:32  Drone x3  
  113  7:41  Zerg Flyer Weapons Level 1  
  113  7:45  Drone x4  
  113  7:46  Drone x5  
  113  7:49  Drone  
  123  7:53  Drone  
  123  7:56  Corruptor, Hatchery  
  123  7:57  Unknown  
  124  8:04  Drone  
  124  8:05  Spore Crawler x2  
  123  8:06  Drone x3  
  123  8:11  Overlord x2  
  126  8:16  Spire  
  126  8:18  Drone, Extractor  
  126  8:19  Drone, Overlord, Spore Crawler  
  125  8:21  Extractor  
  125  8:26  Overlord x2  
  124  8:27  Drone x2  
  124  8:31  Drone x6  
  124  8:32  Drone  
  124  8:33  Drone  
  134  8:36  Zergling x2  
  134  8:37  Zergling x2  
  136  8:43  Corruptor x2  
  140  8:50  Corruptor x2  
  140  8:52  Overlord  
  144  8:57  Pneumatized Carapace, Overseer  
  144  8:58  Corruptor x2  
  148  9:04  Corruptor x2  
  148  9:05  Corruptor  
  154  9:10  Overlord  
  154  9:11  Corruptor, Overlord  
  154  9:13  Corruptor  
  154  9:16  Corruptor  
  159  9:21  Corruptor x2  
  163  9:26  Corruptor  
  163  9:28  Corruptor  
  167  9:32  Infestation Pit  
  167  9:34  Zergling x10  
  167  9:37  Zergling x8  
  174  9:48  Zergling x14  
  174  9:49  Zergling x2  
  174  9:50  Corruptor x2  
  155  10:13  Corruptor x9  
  153  10:17  Corruptor  
  153  10:18  Corruptor  
  134  10:28  Corruptor  
  134  10:29  Corruptor x3  
  134  10:37  Corruptor x4  
  134  10:41  Corruptor  
  140  10:44  Corruptor  
  138  10:51  Corruptor x3  
  138  10:58  Drone x2  
  138  10:59  Drone  
  138  11:00  Corruptor x3  
  147  11:07  Corruptor x2  
  151  11:13  Corruptor  
  153  11:23  Corruptor x5  
  163  11:26  Hive  
  163  11:29  Pathogen Glands  
  156  11:44  Queen  
  156  11:46  Zerg Flyer Armor Level 1  
  159  11:47  Drone x2  
  159  11:49  Corruptor  
  159  11:50  Corruptor x2  
  166  11:55  Overseer  
  166  12:01  Hatchery  
  163  12:21  Zergling x16  
  167  12:41  Corruptor  
  167  12:42  Corruptor x5  
  169  12:48  Corruptor x3  
  169  12:50  Zergling x14  
  169  12:51  Zergling x2  
  179  12:55  Greater Spire  
  167  12:58  Queen  
  167  13:00  Adrenal Glands  
  167  13:04  Zergling x2  
  167  13:05  Zergling x20  
  172  13:17  Zergling x2  
  172  13:18  Zergling x12  
  172  13:29  Corruptor  
  172  13:30  Corruptor x6  
  181  13:38  Ultralisk Cavern  
  181  13:40  Evolution Chamber  
  181  13:41  Drone  
  177  13:42  Zergling x10  
  177  13:43  Zergling x2  
  177  13:47  Baneling Nest  
  179  13:48  Overlord  
  179  13:49  Overlord  
  179  13:51  Zergling x10  
  181  14:01  Corruptor x9  
  180  14:08  Corruptor x6  
  188  14:14  Zerg Flyer Weapons Level 2, Zerg Melee Weapons Level 1  
  186  14:19  Drone x3  
  187  14:29  Viper x2  
  189  14:35  Corruptor x2  
  186  14:42  Corruptor x2  
  186  14:47  Zergling x28  
  186  14:49  Hatchery  
  186  14:52  Zerg Flyer Armor Level 2  
  195  14:58  Centrifical Hooks  
  194  15:06  Corruptor x2  
  194  15:07  Corruptor  
  186  15:11  Zergling x16  
  200  15:15  Baneling  
  200  15:16  Baneling x10  
  200  15:27  Overseer x2  
  200  15:34  Extractor x2  
  198  15:37  Baneling x7  
  198  15:38  Baneling x8  
  198  15:46  Neural Parasite  
  164  16:00  Infestor  
  164  16:01  Infestor  
  164  16:03  Zergling x34  
  164  16:04  Zergling x2  
  173  16:12  Corruptor x2  
  173  16:14  Zergling x16  
  185  16:18  Unknown  
  185  16:20  Corruptor x2  
  188  16:26  Zergling x12  
  188  16:27  Zergling x10  
  188  16:32  Zerg Melee Weapons Level 2  
  199  16:46  Baneling x9  
  198  16:53  Viper x2  
  199  16:59  Spore Crawler  
  199  17:00  Spore Crawler x2  
  191  17:02  Spore Crawler, Viper  
  191  17:04  Infestor, Spore Crawler  
  193  17:12  Infestor  
  193  17:14  Infestor  
  197  17:18  Baneling x8  
  197  17:19  Baneling  
  197  17:32  Zerg Flyer Weapons Level 3  
  197  17:38  Hatchery  
  196  17:45  Corruptor  
  187  18:00  Infestor  
  187  18:02  Corruptor x3  
  194  18:06  Zergling x2  
  194  18:07  Zergling x8  
  199  18:21  Zerg Flyer Armor Level 3, Overseer x2  
  199  18:23  Hatchery  
  199  18:24  Baneling x3  
  199  18:26  Baneling x13  
  199  18:27  Baneling x2  
  198  18:35  Spore Crawler x2  
  198  18:38  Spore Crawler x2  
  194  18:41  Burrow  
  179  18:57  Zergling x26  
  179  19:01  Zerg Ground Armor Level 1  
  188  19:04  Evolution Chamber  
  187  19:15  Zergling x4  
  187  19:16  Zergling x12  
  195  19:28  Baneling x6  
  195  19:38  Corruptor x4  
  154  20:07  Viper x3  
  154  20:09  Zergling x20  
  154  20:10  Corruptor x3  
  154  20:11  Corruptor  
  154  20:13  Zergling x2  
  183  20:14  Zergling x26  
  183  20:15  Corruptor x2  
  183  20:17  Overlord  
  181  20:34  Corruptor x4  
  181  20:35  Corruptor x4  
  181  20:49  Corruptor x4  
  188  20:58  Baneling x10  
  188  20:59  Baneling, Overlord x2  
  178  21:13  Hatchery  
  160  21:21  Corruptor  
  160  21:22  Corruptor x2  
  160  21:25  Zergling x18  
  152  21:26  Zergling x14  
  158  21:37  Zergling x26  
  158  21:38  Zergling x2  
Show
View Real Time Build Order
Export as new Build Order

黑羽快斗 Protoss 

Build Orders: 1 Gate Expand, Oracle Opening, Carriers, Carrier Rush 

Get SALT Encoding   

  12  0:00  Probe  
  13  0:12  Probe  
  14  0:20  Pylon  
  14  0:24  Probe  
  15  0:39  Gateway, Probe (Chrono Boost)  
  16  0:49  Probe (Chrono Boost)  
  17  0:50  Assimilator  
  17  0:54  Probe (Chrono Boost)  
  18  1:05  Probe  
  19  1:17  Probe  
  20  1:25  Nexus  
  20  1:35  Cybernetics Core  
  20  1:38  Probe  
  21  1:44  Assimilator  
  21  1:50  Probe  
  22  1:56  Pylon  
  22  2:02  Probe  
  23  2:10  Probe  
  23  2:12  Stalker (Chrono Boost)  
  26  2:18  Probe  
  26  2:26  Stargate  
  27  2:30  Probe (Chrono Boost)  
  27  2:32  Warp Gate  
  28  2:38  Probe (Chrono Boost)  
  28  2:41  Adept  
  31  2:47  Probe (Chrono Boost)  
  31  2:48  Probe (Chrono Boost)  
  33  2:54  Probe  
  33  2:57  Probe  
  35  3:06  Probe  
  35  3:08  Oracle (Chrono Boost)  
  35  3:09  Probe  
  40  3:18  Probe  
  41  3:21  Probe  
  41  3:24  Pylon  
  42  3:30  Probe  
  42  3:32  Assimilator  
  42  3:33  Probe  
  44  3:37  Assimilator  
  44  3:41  Gateway  
  44  3:42  Probe  
  44  3:45  Probe  
  48  3:51  Pylon  
  48  3:54  Probe  
  49  3:58  Probe  
  48  4:04  Fleet Beacon  
  48  4:05  Stargate  
  48  4:07  Probe  
  49  4:12  Probe  
  49  4:16  Gateway  
  50  4:19  Probe  
  51  4:24  Probe  
  52  4:32  Probe  
  52  4:36  Probe  
  52  4:38  Pylon  
  54  4:42  Zealot  
  54  4:43  Protoss Air Weapons Level 1  
  56  4:47  Zealot  
  56  4:51  Pylon  
  58  4:55  Carrier (Chrono Boost)  
  58  4:58  Carrier (Chrono Boost)  
  70  5:11  Shield Battery  
  70  5:24  Nexus  
  70  5:36  Pylon  
  70  5:40  Pylon  
  70  5:42  Zealot  
  72  5:48  Carrier (Chrono Boost)  
  78  5:51  Carrier (Chrono Boost)  
  78  5:57  Unknown  
  84  6:06  Zealot x2  
  88  6:15  Forge  
  88  6:18  Pylon  
  88  6:30  Probe x2  
  90  6:36  Void Ray (Chrono Boost)  
  90  6:38  Probe  
  90  6:39  Void Ray (Chrono Boost)  
  91  6:42  Pylon, Probe  
  91  6:43  Shield Battery, Probe  
  101  6:50  Probe  
  101  6:53  Assimilator  
  102  6:54  Probe  
  102  6:58  Assimilator  
  102  6:59  Probe  
  104  7:06  Stargate, Protoss Shields Level 1  
  104  7:08  Pylon  
  104  7:11  Probe x2  
  104  7:14  Probe  
  107  7:15  Void Ray  
  111  7:27  Void Ray (Chrono Boost)  
  111  7:36  Probe  
  116  7:40  Probe  
  116  7:41  Protoss Air Weapons Level 2 (Chrono Boost)  
  117  7:44  Probe  
  117  7:48  Probe  
  119  7:52  Shield Battery, Probe, Pylon  
  119  7:54  Stalker  
  119  7:56  Shield Battery  
  119  7:57  Void Ray (Chrono Boost)  
  122  8:04  Void Ray (Chrono Boost)  
  126  8:06  Sentry  
  126  8:12  Probe x2  
  134  8:14  Pylon  
  134  8:21  Void Ray (Chrono Boost), Photon Cannon  
  134  8:22  Shield Battery  
  138  8:33  Pylon  
  138  8:34  Pylon  
  142  8:41  Void Ray (Chrono Boost)  
  142  8:42  Stargate  
  142  8:43  Void Ray (Chrono Boost)  
  146  8:54  Void Ray (Chrono Boost)  
  147  9:03  Nexus  
  147  9:04  Pylon  
  147  9:08  Sentry  
  149  9:14  Void Ray (Chrono Boost)  
  149  9:15  Void Ray (Chrono Boost)  
  157  9:19  Void Ray (Chrono Boost)  
  157  9:23  Pylon  
  157  9:25  Unknown  
  157  9:26  Void Ray  
  161  9:32  Pylon  
  165  9:46  Void Ray  
  169  9:57  Void Ray x2  
  159  10:09  Void Ray  
  125  10:26  Void Ray (Chrono Boost)  
  121  10:30  Probe x3  
  124  10:41  Void Ray x2 (Chrono Boost)  
  124  10:42  Nexus, Pylon  
  132  10:43  Void Ray (Chrono Boost)  
  132  10:45  Stargate  
  128  11:01  Probe  
  128  11:03  Probe x2  
  127  11:05  Assimilator, Probe  
  127  11:07  Assimilator, Void Ray (Chrono Boost)  
  132  11:11  Sentry  
  132  11:12  Sentry  
  132  11:15  Void Ray x2 (Chrono Boost)  
  132  11:16  Probe  
  141  11:21  Photon Cannon  
  141  11:22  Shield Battery  
  141  11:25  Stalker  
  147  11:29  Void Ray (Chrono Boost)  
  151  11:38  Void Ray (Chrono Boost)  
  154  11:43  Probe x2, Photon Cannon  
  154  11:44  Void Ray (Chrono Boost)  
  160  11:48  Photon Cannon  
  160  11:51  Shield Battery  
  160  11:53  Probe  
  161  11:57  Zealot, Stargate  
  161  12:00  Void Ray (Chrono Boost)  
  163  12:12  Void Ray x2 (Chrono Boost)  
  155  12:19  Probe x2  
  155  12:20  Protoss Air Weapons Level 3 (Chrono Boost)  
  160  12:24  Void Ray (Chrono Boost)  
  144  12:31  Void Ray (Chrono Boost)  
  136  12:43  Void Ray (Chrono Boost)  
  128  12:48  Stalker  
  128  12:49  Stalker x2  
  120  12:55  Void Ray x2 (Chrono Boost)  
  120  12:57  Void Ray (Chrono Boost)  
  118  13:02  Void Ray (Chrono Boost)  
  118  13:05  Void Ray  
  118  13:13  Void Ray  
  118  13:15  Stalker x2  
  118  13:19  Probe x4  
  126  13:23  Pylon  
  126  13:25  Void Ray  
  126  13:28  Photon Cannon  
  126  13:30  Shield Battery, Void Ray  
  126  13:32  Photon Cannon  
  129  13:37  Void Ray  
  129  13:38  Zealot  
  129  13:39  Zealot x2  
  139  13:45  Void Ray  
  139  13:46  Void Ray  
  151  13:57  Void Ray  
  151  14:02  Void Ray  
  155  14:11  Robotics Facility  
  155  14:12  Photon Cannon  
  155  14:15  Shield Battery, Photon Cannon  
  155  14:16  Stalker  
  155  14:17  Stalker  
  159  14:35  Zealot  
  159  14:36  Void Ray x2  
  154  14:43  Nexus  
  154  14:44  Void Ray (Chrono Boost)  
  155  14:58  Observer  
  156  15:03  Gateway  
  156  15:04  Photon Cannon  
  156  15:12  Photon Cannon  
  156  15:18  Photon Cannon  
  156  15:19  Photon Cannon  
  156  15:21  Pylon  
  156  15:23  Void Ray (Chrono Boost)  
  156  15:24  Void Ray (Chrono Boost)  
  164  15:30  Probe (Chrono Boost)  
  164  15:34  Void Ray (Chrono Boost)  
  168  15:38  Probe x3 (Chrono Boost)  
  168  15:40  Probe (Chrono Boost)  
  173  15:43  Observer  
  173  15:45  Probe (Chrono Boost)  
  171  15:56  Probe  
  142  16:05  Observer  
  142  16:10  Cybernetics Core  
  143  16:15  Pylon  
  143  16:16  Carrier (Chrono Boost)  
  157  16:26  Carrier (Chrono Boost)  
  157  16:27  Carrier (Chrono Boost)  
  157  16:31  Carrier (Chrono Boost)  
  163  16:42  Nexus  
  163  16:48  Observer  
  163  16:54  Carrier (Chrono Boost)  
  163  16:56  Twilight Council  
  163  16:59  Sentry x2  
  163  17:00  Sentry  
  181  17:03  Observer, Carrier (Chrono Boost)  
  181  17:08  Shield Battery  
  181  17:09  Photon Cannon  
  181  17:10  Photon Cannon  
  181  17:21  Nexus  
  181  17:33  Templar Archives  
  193  17:42  Carrier (Chrono Boost)  
  193  17:44  Carrier (Chrono Boost)  
  193  17:45  Zealot  
  193  17:47  Photon Cannon  
  191  17:55  Probe x4  
  185  18:04  Observer  
  185  18:07  Psionic Storm, Probe x2  
  185  18:11  High Templar x3  
  191  18:20  Shield Battery  
  191  18:21  Shield Battery, Pylon  
  191  18:30  Zealot  
  193  18:37  Observer  
  194  18:43  Shield Battery  
  194  18:45  Pylon  
  194  18:46  Pylon  
  194  18:54  Observer  
  193  19:09  High Templar x2  
  197  19:13  Protoss Air Armor Level 1 (Chrono Boost), Pylon  
  197  19:15  Pylon  
  197  19:18  Observer  
  198  19:30  Observer  
  196  19:41  Nexus  
  196  19:44  Unknown  
  194  19:58  Void Ray (Chrono Boost)  
  196  20:06  Carrier (Chrono Boost)  
  174  20:08  Void Ray x3 (Chrono Boost)  
  174  20:12  High Templar  
  188  20:22  Void Ray (Chrono Boost)  
  170  20:30  Void Ray  
  152  20:38  Void Ray  
  138  20:45  Void Ray, Pylon  
  138  20:54  High Templar  
  138  20:55  Zealot  
  138  20:56  Zealot  
  147  21:01  Void Ray  
  147  21:10  Void Ray  
  141  21:15  Void Ray  
  141  21:18  Probe x4  
  129  21:19  Zealot x3  
  129  21:31  Probe x3  
  110  21:38  Archon  

Tags
 
Add a new tag
Caveats
  • Supply blocks, unpowered buildings, or Contaminate may cause inaccurate times.
  • Supply counts are checked every 10 seconds.